 Dungeon Crawl Stone Soup version 0.30-a0-652-gcc886f7154 (webtiles) character file.

Game seed: 13139327728930059556

51 wormed the Grasshopper (level 3, 0/25 HPs)
             Began as an Octopode Warper on Jan 18, 2023.
             Slain by a gnoll
             ... wielding a +0 spear
              (9 damage)
             ... on level 2 of the Dungeon.
             The game lasted 00:01:44 (805 turns).

wormed the Grasshopper (Octopode Warper)             Turns: 805, Time: 00:01:45

Health: 0/25       AC:  1    Str: 10    XL:     3   Next: 81%
Magic:  6/6        EV: 13    Int: 17    God:
Gold:   63         SH:  0    Dex: 11    Spells: 4/6 levels left

rFire   . . .      SeeInvis .      - Unarmed
rCold   . . .      Faith    .    (no shield)
rNeg    . . .      Spirit   .    (helmet restricted)
rPois   .          Reflect  .    (no amulet)
rElec   .          Harm     .    c - ring of wizardry
rCorr   .          Rampage  .    (no ring)
Will    .....                    (no ring)
Stlth   ++                       (no ring)
HPRegen 0.24/turn                (no ring)
MPRegen 0.10/turn                (no ring)
                                 (no ring)
                                 (no ring)

@: no status effects
A: almost no armour, amphibious, 8 rings, camouflage 1, gelatinous body 1,
(nimble swimmer 1), tentacles
a: no special abilities


You were on level 2 of the Dungeon.
You visited 1 branch of the dungeon, and saw 2 of its levels.

You collected 63 gold pieces.

Inventory:

Missiles
 b - 7 boomerangs of dispersal
Jewellery
 c - a ring of wizardry (left tentacle)
Wands
 g - a wand of flame (2) (quivered)
Scrolls
 a - 2 scrolls of blinking
 e - 2 scrolls of teleportation
Potions
 f - 2 potions of degeneration
 h - 2 potions of mutation


   Skills:
 + Level 2.4 Fighting
 - Level 1.0 Throwing
 + Level 2.7 Dodging
 + Level 2.4 Unarmed Combat
 + Level 2.3 Spellcasting
 - Level 3.0 Translocations
 * Level 1.0 Transmutations
 * Level 0.8 Ice Magic


You had 4 spell levels left.
You knew the following spells:

 Your Spells              Type           Power      Damage    Failure   Level
a - Blink                 Tloc           24%        N/A       3%          2

Your spell library contained the following spells:

 Spells                   Type           Power      Damage    Failure   Level
 Lesser Beckoning         Tloc           24%        N/A       3%          2
 Teleport Other           Tloc           12%        N/A       6%          3
 Passwall                 Tmut/Erth      2%         N/A       9%          2
 Ensorcelled Hibernation  Hex/Ice        6%         N/A       10%         2
 Vhi's Electric Charge    Tloc/Air       14%        N/A       12%         3
 Hailstorm                Conj/Ice       3%         3d3       19%         3
 Manifold Assault         Tloc           12%        N/A       21%         4
 Swiftness                Air            2%         N/A       22%         3
 Ice Form                 Ice/Tmut       5%         N/A       43%         4
 Simulacrum               Ice/Necr       1%         N/A       100%        6


Dungeon Overview and Level Annotations

Branches:
Dungeon (2/15)

Altars:


Innate Abilities, Weirdness & Mutations

You cannot wear most types of armour.
You are amphibious.
You can wear up to eight rings at the same time.
Your skin changes colour to match your surroundings (Stealth+).
Your rubbery body absorbs attacks. (AC +1, EV +1)
((You are camouflaged when in or above water. (Stealth+)))
You have tentacles for arms and can constrict up to eight enemies at once.


Message History

You grab the gnoll.
You constrict the gnoll, but do no damage.
The bat hits you. The gnoll closely misses you.
You tentacle-slap the gnoll but do no damage.
You constrict the gnoll. The bat hits you. The gnoll hits you with a +0 club.
You tentacle-slap the gnoll.
The gnoll is moderately wounded.
You constrict the gnoll. The bat barely misses you.
The gnoll hits you with a +0 club.
You release your grip on the gnoll.
You tentacle-slap the gnoll. You grab the gnoll.
The gnoll is almost dead.
You constrict the gnoll, but do no damage.
The bat barely misses you. The bat hits you. The gnoll hits you with a +0 club.
You tentacle-slap the gnoll.
You kill the gnoll!
The bat barely misses you. The gnoll closely misses you.
You tentacle-slap the gnoll but do no damage.
You grab the gnoll. You constrict the gnoll. The bat closely misses you.
The gnoll hits you from afar with a +0 spear.
The gnoll hits you with a +0 flail!
You are too injured to fight recklessly!
Aiming: Throw Flame
Press: ? - help, Q - select action, (/) - cycle Shift-Dir - straight line, f - gnoll
Aim: a gnoll, wielding a +0 flail (lightly wounded, constricted by you, 100% to hit)
The puff of flame hits the gnoll!
The gnoll is almost dead.
You constrict the gnoll.
You kill the gnoll!
The bat hits you but does no damage. The bat hits you.
The gnoll closely misses you.
Your Transmutations skill increases to level 1!
Aiming: Throw Flame
Press: ? - help, Q - select action, (/) - cycle Shift-Dir - straight line, f - gnoll
Aim: a gnoll, wielding a +0 spear (72% to hit)
The puff of flame hits the gnoll!
The gnoll is heavily wounded.
The bat closely misses you.
The gnoll hits you from afar with a +0 spear!
You die...

#.##### #..... #....# #
#....##### ## #.........
.## +.........
..####+##### #.........
...#.....#.## #)bg......
...#.....#..##
#@##......
...'...(.'...###..#
##+##
#..#.....#....##..#
##.#.....#.....#..#
######+####....#..####.#
.## ##...'.......# ..##
##..#.####### ...##
##.#))...# .)..##
###.##..#


You could see a gnoll and a bat.

Vanquished Creatures
  2 gnolls (D:2)
  A dart slug (D:1)
  An orc (D:2)
  An endoplasm (D:1)
  3 goblins
  5 hobgoblins
  2 jackals (D:1)
  2 kobolds (D:1)
  4 ball pythons
  3 bats (D:1)
  A frilled lizard (D:1)
  2 rats (D:1)
27 creatures vanquished.

Notes
Turn   | Place    | Note
-------+----------+-------------------------------------------
     0 | D:1      | wormed the Octopode Warper began the quest for the Orb.
     0 | D:1      | Reached XP level 1. HP: 14/14 MP: 3/3
    71 | D:1      | Reached XP level 2. HP: 14/19 MP: 5/5
   545 | D:1      | Reached XP level 3. HP: 22/25 MP: 6/6
   548 | D:1      | Learned a level 2 spell: Blink
   805 | D:2      | Reached skill level 1 in Transmutations
   805 | D:2      | Slain by a gnoll

Illustrated notes

Levels and vault maps discovered:
D:1:      saegor_arrival_simple_a, layout_loops_ring
D:2:      layout_basic, minmay_quadrilaterals

Skill      XL: |  1  2  3 |
---------------+----------+-----
Transmutations | 1 |  1.0
Fighting       | |  2.4
Throwing       | |  1.0
Dodging        | |  2.7
Unarmed Combat | |  2.4
Spellcasting   | |  2.3
Translocations | |  3.0
Ice Magic      | |  0.8

Action                   || total
-------------------------++-------
Melee: Unarmed           ||    56
       Constrict         ||    19
       Tentacles         ||    19
       Punch             ||     1
Evoke: Wand              ||     2
  Use: Scroll            ||     6
 Stab: Sleeping          ||     6
Armor: Skin              ||     3
Dodge: Dodged            ||    35

Table legend: (Time is in decaauts)
 A = Elapsed time spent in this place.
 B = Non-inter-level travel time spent in this place.
 C = Inter-level travel time spent in this place.
 D = Time resting spent in this place.
 E = Time spent auto-exploring this place.
 F = Levels seen in this place.
 G = Mean time per level.
                   A        B        C        D        E       F      G
               +--------+--------+--------+--------+--------+-----+--------+
         Total |    801 |    784 |     17 |      0 |    636 |   2 |  400.5 |
       Dungeon |    801 |    784 |     17 |      0 |    636 |   2 |  400.5 |
               +--------+--------+--------+--------+--------+-----+--------+

Top non-repeatable levels by time:
     D:1: 653 daAuts
     D:2: 148 daAuts
